Match 40066986
Unlisted

Match 40066986
End
Engineer Squad
Construct Barracks
Selects Airborne Battlegroup
Selects Smoke Bombing Run
Selects Heavy Machine Gun Paradrop
Heavy Machine Gun Paradrop
Riflemen Squad
Heavy Machine Gun Paradrop
Construct Medical Station
Grenade Package
Selects Paratrooper Squad Paradrop
Paratrooper Squad Paradrop
Selects Supply Drop
Infantry Support Center
Paratrooper Squad Paradrop
Supply Drop
Advanced Logistics
Paratrooper Squad Paradrop
Supply Drop
Munitions Surplus
Survival Training
Paratrooper Squad Paradrop
Supply Drop
Demolitions Package
Supply Drop
Selects Carpet Bombing Run
Selects Anti-tank Gun Team Paradrop
Carpet Bombing Run
Paratrooper Squad Paradrop
Supply Drop
Supply Drop
Paratrooper Squad Paradrop
Supply Drop
Carpet Bombing Run
Supply Drop
Carpet Bombing Run
Paratrooper Squad Paradrop
Paratrooper Squad Paradrop
Leonovsky75
Guziol#
BIOHAZARD
[LoB]Fagio
0
0

Comments sign in to comment!

No comments posted yet!